 Dungeon Crawl Stone Soup version 0.25.1-2-g60ff931df9 (webtiles) character file.

Game seed: 4220835968878517345

61 funkygono the Cudgeler (level 4, -3/43 HPs)
             Began as a Gargoyle Monk on Oct 23, 2020.
             Slain by a gnoll (7 damage)
             ... on level 2 of the Dungeon.
             The game lasted 00:02:16 (1187 turns).

funkygono the Cudgeler (Gargoyle Monk)              Turns: 1187, Time: 00:02:16

Health: -3/43      AC:  6    Str: 15    XL:     4   Next: 7%
Magic:  4/4        EV: 13    Int: 11    God:
Gold:   68         SH:  0    Dex: 12    Spells: 3/3 levels left

rFire    + . .     SeeInvis .   a - +0 mace
rCold    x . .     Gourm    .   (no shield)
rNeg     + . .     Faith    .   b - +0 robe
rPois    ∞         Spirit   .   (no helmet)
rElec    +         Reflect  .   (no cloak)
rCorr    .         Harm     .   d - +0 pair of gloves
MR       .....                  (no boots)
Stlth    ..........             (no amulet)
HPRegen  0.14/turn              j - ring of fire
MPRegen  0.09/turn              l - ring of flight

@: berserking, very quick
A: negative energy resistance 1, electricity resistance, unbreathing,
petrification resistance, rot immunity, AC +3
a: Evoke Flight


You were on level 2 of the Dungeon.
You were not hungry.

You visited 1 branch of the dungeon, and saw 2 of its levels.

You collected 68 gold pieces.

Inventory:

Hand Weapons
 a - a +0 mace (weapon)
Missiles
 e - 60 stones (quivered)
Armour
 b - a +0 robe (worn)
 d - a +0 pair of gloves (worn)
Jewellery
 j - a ring of fire (left hand)
 l - a ring of flight (right hand)
Scrolls
 m - a scroll of immolation {unknown}
Potions
 i - a potion of curing {unknown}
 k - a potion of magic {unknown}
Comestibles
 c - 3 rations
 f - 3 chunks of flesh


   Skills:
 + Level 3.9 Fighting
 + Level 3.9 Maces & Flails
 + Level 2.9 Dodging
 - Level 2.1 Stealth


You had 3 spell levels left.
You didn't know any spells.
Your spell library was empty.

Dungeon Overview and Level Annotations

Branches:
Dungeon (2/15)

Altars:


Innate Abilities, Weirdness & Mutations

You are resistant to torment.
Your stone body is resilient. (AC +3)
You are immune to poison.
You resist negative energy. (rN+)
You are resistant to electric shocks. (rElec)
You can survive without breathing.
You are immune to petrification.
You are immune to rotting.


Message History

You barely miss the gnoll.
The gnoll is almost dead.
The gnoll hits you with a +0 whip.
* * * LOW HITPOINT WARNING * * *
You sock the gnoll!
You kill the gnoll!
You have reached level 4!
You feel clever. The gnoll hits you but does no damage.
It was a potion of berserk rage.
A red film seems to cover your vision as you go berserk!
You feel yourself moving faster!
You feel mighty! The gnoll misses you.
You closely miss the gnoll. You barely miss the gnoll.
The gnoll closely misses you.
You barely miss the gnoll. The gnoll hits you.
* * * LOW HITPOINT WARNING * * *
You sock the gnoll!
The gnoll is severely wounded.
The gnoll hits you!
You die...

#############..##################
......^..........................
#####......##.######..........###
######.......................
###..........#)......# #####
#####..############..#####
....####......#### #.........
....#............# #......###
..............##@#######.#..$.#
<...#.###......#g#...##..#..g..g#
.....)######....gg.g.....#.......
..##)...)......#.......###....#..
..#..###÷...............#####...g
#.#..##..........÷.......# ....
............................ ....
........÷.......#....#...#.......
....###........####..##...#..


You could see 3 gnolls.

Vanquished Creatures
  A gnoll (D:2)
  2 adders (D:2)
  An ooze (D:2)
  A worm (D:2)
  2 dart slugs
  2 bats (D:2)
  A goblin (D:1)
  6 hobgoblins
  A frilled lizard (D:2)
  2 kobolds (D:2)
  2 leopard gecko zombies (D:1)
  4 rats
25 creatures vanquished.

Notes
Turn   | Place    | Note
-------+----------+-------------------------------------------
     0 | D:1      | funkygono the Gargoyle Monk began the quest for the Orb.
     0 | D:1      | Reached XP level 1. HP: 14/14 MP: 1/1
   306 | D:1      | Reached XP level 2. HP: 16/19 MP: 2/2
   875 | D:2      | Reached XP level 3. HP: 21/24 MP: 3/3
  1182 | D:2      | Reached XP level 4. HP: 5/29 MP: 4/4
  1187 | D:2      | Slain by a gnoll

Illustrated notes

Levels and vault maps discovered:
D:1:      saegor_arrival_fortress, layout_basic
D:2:      layout_rooms, nicolae_overflow_crystal_walls

Action                   |  1- 3 |  4- 6 || total
-------------------------+-------+-------++-------
Melee: Mace              |   105 |     4 ||   109
Throw: Stone             |     3 |       ||     3
  Use: Potion            |     1 |     1 ||     2
 Stab: Sleeping          |     2 |       ||     2
  Eat: Chunk             |     1 |       ||     1
Armor: Robe              |    62 |     1 ||    63
Dodge: Dodged            |   106 |     2 ||   108
